[Event "Emanuel Lasker Open 2017"]
[Site "Gorzow"]
[Date "2017.06.13"]
[Round "2"]
[White "Llaneza Vega, Marcos"]
[Black "Janik, Igor"]
[Result "*"]
[ECO "B26"]
[WhiteElo "2424"]
[BlackElo "2422"]
[Annotator "ChessBase"]
[PlyCount "23"]
[EventDate "2017.??.??"]
[EventType "swiss"]
[EventCountry "POL"]
[SourceTitle "playchess.com"]
[Source "ChessBase"]
[SourceQuality "1"]
[TimeControl "40/5400+30:1800+30"]

1. e4 c5 2. Nc3 Nc6 3. g3 g6 4. Bg2 Bg7 5. d3 d6 6. Be3 Nf6 7. h3 O-O 8. Nge2 Rb8 9. a4 a6 10. d4 cxd4 11. Nxd4 Be6 12. Rg1 *

[Event "Emanuel Lasker Open 2017"]
[Site "Gorzow"]
[Date "2017.06.13"]
[Round "2"]
[White "Voloshin, Leonid"]
[Black "Kumala, Aleksander"]
[Result "1-0"]
[ECO "C44"]
[WhiteElo "2389"]
[BlackElo "2224"]
[Annotator "RC"]
[PlyCount "41"]
[EventDate "2017.??.??"]
[EventType "swiss"]
[EventCountry "POL"]
[SourceTitle "playchess.com"]
[Source "ChessBase"]
[SourceQuality "1"]
[TimeControl "40/5400+30:1800+30"]

1. e4 e5 2. Nf3 Nc6 3. d4 exd4 4. Nxd4 Nf6 5. Nxc6 bxc6 6. Bd3 d5 7. e5 Ng4 8. O-O Bc5 9. Bf4 g5 10. Bg3 h5 11. Be2 Be6 12. Nd2 Qd7 13. h3 h4 14. Bh2 Nh6 15. Nb3 Bb6 16. a4 a5 17. Nd4 Bxd4 18. Qxd4 g4 19. hxg4 Nxg4 20. Bxg4 Bxg4 21. e6 1-0

[Event "Emanuel Lasker Open 2017"]
[Site "Gorzow"]
[Date "2017.06.13"]
[Round "2"]
[White "Aliavdin, Nikolai"]
[Black "Balinski, Damian"]
[Result "1-0"]
[ECO "B30"]
[WhiteElo "2351"]
[BlackElo "2171"]
[Annotator "NA"]
[PlyCount "89"]
[EventDate "2017.??.??"]
[EventType "swiss"]
[EventCountry "POL"]
[SourceTitle "playchess.com"]
[Source "ChessBase"]
[SourceQuality "1"]
[TimeControl "40/5400+30:1800+30"]

1. e4 c5 2. Nf3 Nc6 3. Nc3 e5 4. Bc4 Be7 5. d3 d6 6. Nd2 Nf6 7. Nf1 Bg4 8. f3 Be6 9. Ne3 O-O 10. O-O Nh5 {[%emt 0:01:42] B30: Sicilian: 2...Nc6 3 Bb5, lines without ...g6} (10... Nd7 11. Ncd5 Bg5 12. c3 Na5 13. a3 Nxc4 14. dxc4 g6 15. Qe2 Bh6 16. Bd2 Bg7 17. Rad1 Rc8 18. Be1 {½-½ (42) Shabalov,A (2556)-Nakamura,H (2793) Saint Louis 2017}) 11. Ncd5 g6 $146 ({Predecessor:} 11... Bg5 12. g3 Bxe3+ 13. Bxe3 Na5 14. a4 Nxc4 15. dxc4 h6 16. a5 Qd7 17. Rf2 Bxd5 18. Qxd5 Nf6 19. Qd3 Rfc8 20. Rd2 Rc6 21. Kg2 Qe6 22. b3 Rac8 23. c3 Ne8 24. Rad1 Ra6 {½-½ (24) Riccio,E (2632)-Hertel,P (2654) ICCF email 2012}) 12. c3 Ng7 13. f4 exf4 14. Nxf4 Bxc4 15. Nxc4 Bg5 16. Nd5 Bxc1 17. Nf6+ Kh8 18. Qxc1 Ne8 19. Nxe8 Qxe8 20. Nxd6 Qe7 21. Nc4 Rad8 22. Qc2 Ne5 23. Nxe5 Qxe5 24. Rf3 Rd7 25. Raf1 Kg8 26. Qa4 Rfd8 27. Qc4 Rf8 28. h3 b6 29. a4 Kg7 30. Qb5 Rd6 31. a5 f6 32. Ra1 Rf7 33. Qc4 Rfd7 34. axb6 axb6 35. Qb5 Qg5 36. Ra6 Qc1+ 37. Kh2 Qc2 $2 (37... Qg5 38. Rxb6 Rxb6 39. Qxb6 (39. Qxd7+ Kh6 $18) 39... Qe5+ 40. Kg1 Qe7) 38. Rxb6 Rxd3 39. Rxd3 $16 ({But not} 39. Rbxf6 $6 Rd2 $18) (39. Rb7 $18 Kh6 40. Rxd7 Rxf3 41. Qb7) 39... Rxd3 $4 (39... Qxd3 $16 {is more resistant.} 40. Qxd3 (40. Qxc5 Qd2 $14) 40... Rxd3) 40. Qxc5 Rd2 41. Qc7+ Kh6 42. Qf4+ Kh5 43. Qg4+ Kh6 44. Qh4+ Kg7 45. Qxf6+ 1-0

[Event "Emanuel Lasker Open 2017"]
[Site "Gorzow"]
[Date "2017.06.13"]
[Round "2"]
[White "Lukasiewicz, Krysztof"]
[Black "Koziorowicz, Michal"]
[Result "1-0"]
[ECO "B47"]
[WhiteElo "2098"]
[BlackElo "1858"]
[Annotator "NA RC"]
[PlyCount "91"]
[EventDate "2017.??.??"]
[EventType "swiss"]
[EventCountry "POL"]
[SourceTitle "playchess.com"]
[Source "ChessBase"]
[SourceQuality "1"]
[TimeControl "40/5400+30:1800+30"]

1. e4 c5 2. Nf3 e6 3. d4 cxd4 4. Nxd4 a6 5. Nc3 Qc7 6. g3 Nc6 7. Bg2 d6 8. O-O Bd7 9. Be3 Nf6 {B47: Sicilian: Taimanov: 5 Nc3 Qc7 6 f4, 6 g3 and 6 Be2} 10. Nb3 (10. f4 Na5 11. Bf2 Rc8 12. Qe2 Nc4 13. Rae1 Nxb2 14. e5 Qxc3 15. exf6 gxf6 16. Qh5 Rc5 17. Bd5 Rxd5 18. Qxd5 {1-0 (60) Naiditsch,A (2696)-Saric,I (2668) Monzon 2016}) 10... Ne5 11. f4 $146 ({Predecessor:} 11. a4 Be7 12. a5 Nc4 13. Bc1 O-O 14. Qe2 Rac8 15. f4 b5 16. axb6 Qxb6+ 17. Qf2 Bd8 18. h3 Qxf2+ 19. Kxf2 Bb6+ 20. Ke2 a5 21. Rd1 Bc6 22. Nd4 {½-½ (59) Tosic,S (2276)-Cvetkovic,S (2382) Belgrade 2009}) 11... Nc4 12. Bd4 e5 13. fxe5 dxe5 14. Rxf6 gxf6 15. Nd5 Qc6 16. Bc3 Be6 $2 (16... Be7 $15 {stays ahead.}) 17. Qf1 $2 {[%emt 0:00:30] [#]} (17. Nxf6+ $16 Ke7 18. Nd5+ Ke8 19. Nf6+ Ke7 20. Nd5+ Ke8 21. Qh5) 17... O-O-O $1 18. Kh1 Kb8 ({Better is} 18... h5 $17) 19. Qxf6 Bd6 20. Na5 Nxa5 21. Bxa5 Rde8 22. Bc3 Bxd5 23. exd5 Qc7 24. Rf1 Rhf8 25. Be4 h5 26. Bd2 Be7 27. Qf5 h4 28. g4 $1 f6 29. h3 Qc4 30. b3 Qd4 31. Bc1 Rc8 (31... Bc5 $11) 32. c4 Bc5 33. a3 a5 34. Qf3 $2 {[%emt 0:00:30] [#]} (34. Bh6 $11 {and White has nothing to worry.}) 34... f5 $1 35. Bxf5 Rxf5 36. gxf5 Rg8 37. f6 Rg3 38. Qf5 Qc3 39. Kh2 Ka7 40. b4 $1 axb4 (40... Rg8 $5 41. Kh1 $8 axb4 42. axb4 Rg3 $11) 41. axb4 Qxb4 42. f7 (42. Qxe5 Qxc4 43. Qa1+ Kb6 $19) 42... Qb3 $2 {[%emt 0:00:30] [#]} (42... Qc3 $1 $11 {and Black stays safe.}) 43. Bd2 $1 e4 44. Ra1+ $18 Kb6 45. Qe6+ Kc7 46. Bf4+ 1-0

[Event "Emanuel Lasker Open 2017"]
[Site "Gorzow"]
[Date "2017.06.13"]
[Round "2"]
[White "Przysiecki, Kajetan"]
[Black "Bartnicki, Pawel"]
[Result "0-1"]
[ECO "E91"]
[WhiteElo "1876"]
[BlackElo "2078"]
[Annotator "NA RC"]
[PlyCount "84"]
[EventDate "2017.??.??"]
[EventType "swiss"]
[EventCountry "POL"]
[SourceTitle "playchess.com"]
[Source "ChessBase"]
[SourceQuality "1"]
[TimeControl "40/5400+30:1800+30"]

1. d4 Nf6 2. c4 g6 3. Nc3 Bg7 4. e4 d6 5. Nf3 O-O 6. Be2 Nc6 7. d5 Nb8 8. O-O c5 9. h3 Na6 {[%emt 0:01:58] E91: King's Indian: Classical: 6 Be2, unusual replies including 6...c5 and 6...Bg4} 10. Be3 (10. Bf4 Bd7 11. e5 dxe5 12. Nxe5 Bf5 13. Bf3 Ne8 14. g4 Bc8 15. Re1 Nd6 16. b3 Qa5 17. Bd2 {1-0 (41) Cosma,I (2401)-Petrescu,G (2087) Mamaia 2015}) 10... Nc7 11. a4 a6 12. Qd2 Rb8 $146 ({Predecessor:} 12... b6 13. Bh6 Rb8 14. Bxg7 Kxg7 15. Nh2 Bd7 16. f4 b5 17. e5 {½-½ (42) Grobovsek,I (2000)-Matko,M (2200) Ptuj 2005}) 13. a5 b5 14. axb6 Rxb6 15. e5 Nd7 16. exd6 exd6 17. Na4 Rb4 18. Bf4 Nb6 19. Nxb6 Rxb6 20. Ra2 Bf5 21. g4 Bc8 22. Rb1 h5 23. gxh5 Bxh3 24. Ng5 Bf5 25. Bd3 Bxd3 26. Qxd3 Qf6 {[%emt 0:00:30] [#]} 27. Be3 (27. Bd2 $1 $16) 27... Rfb8 28. hxg6 fxg6 29. Bc1 Rb3 30. Qc2 R3b6 31. Qd3 Rb3 32. Qc2 R3b6 33. Qd3 Qf5 34. Qxf5 gxf5 35. Nf3 Re8 36. b3 Re4 37. Rc2 Ne8 38. Kf1 Nf6 39. Ng5 Rh4 40. Ne6 Bh6 41. f4 Ne4 42. Rg2+ Kh7 $17 0-1